Map: Temple gelé

Players

Kemane

  • Race: Terran Terran
  • League: Diamond

Worming - Winner!

  • Race: Zerg Zerg
  • League: Diamond

VOD

Have the link to the VOD?

Description

Time

  • Played on: Oct. 21, 2016, 1:09 p.m.
  • Length: 13:37
Show
View Real Time Build Order
Export as new Build Order

Kemane Terran 

Build Orders: MMM Bio 

Get SALT Encoding   

  12  0:01  SCV  
  13  0:13  SCV  
  14  0:18  Supply Depot  
  14  0:25  SCV  
  15  0:30  Refinery  
  15  0:39  SCV  
  16  0:45  Barracks  
  16  0:51  SCV  
  17  1:07  SCV  
  18  1:19  SCV  
  19  1:32  Orbital Command  
  19  1:34  Barracks Reactor  
  19  1:46  Command Center, Unknown  
  19  1:58  SCV, Supply Depot  
  20  2:09  Barracks  
  20  2:12  SCV  
  20  2:15  Marine  
  22  2:24  Factory  
  22  2:28  SCV  
  22  2:29  Marine  
  24  2:35  Marine  
  25  2:40  SCV  
  25  2:41  Refinery  
  26  2:49  Marine  
  27  3:05  Marine  
  24  3:06  Barracks Tech Lab  
  24  3:07  Marine  
  24  3:09  Factory Reactor  
  24  3:12  Starport  
  25  3:13  SCV  
  26  3:35  Marine  
  26  3:37  Stimpack, Marine x2  
  26  3:38  Unknown  
  28  3:44  Orbital Command  
  28  3:47  Supply Depot x2  
  28  3:53  Marine  
  29  3:59  Engineering Bay  
  29  4:01  SCV  
  30  4:03  Factory Reactor  
  30  4:09  SCV  
  29  4:18  SCV  
  29  4:19  Marine x2  
  29  4:20  Marine  
  29  4:22  SCV  
  34  4:25  Medivac  
  34  4:26  Medivac  
  38  4:36  SCV x2  
  38  4:37  Marine  
  41  4:42  Hellion  
  43  4:47  Terran Infantry Weapons Level 1  
  43  4:50  Marine x2, Engineering Bay  
  45  4:56  SCV  
  45  4:57  SCV  
  45  4:59  Supply Depot, Marine  
  48  5:07  Marine  
  48  5:10  Armory  
  48  5:11  Marine  
  48  5:14  Hellion  
  52  5:16  Marine  
  53  5:25  Medivac, Marine  
  53  5:26  SCV  
  53  5:27  SCV  
  58  5:28  Marine  
  58  5:32  Refinery  
  59  5:38  SCV  
  59  5:39  SCV  
  61  5:48  Marine x3  
  64  5:50  Combat Shields  
  64  6:11  Marine x3  
  64  6:12  Hellion  
  69  6:29  Medivac, Marine x2  
  69  6:32  Command Center, Unknown  
  58  6:36  Barracks  
  56  6:40  Barracks  
  56  6:41  Supply Depot  
  56  6:42  Supply Depot  
  56  6:44  Marine  
  56  6:46  Marine  
  57  6:47  Marine  
  57  6:49  Hellion  
  61  6:55  Terran Infantry Armor Level 1  
  61  7:02  Marine, Terran Infantry Weapons Level 2  
  61  7:05  SCV  
  61  7:33  Marine x5  
  56  7:43  Unknown  
  56  7:44  Supply Depot  
  56  7:50  Marine  
  56  7:51  SCV x2, Marine x4  
  63  8:03  SCV x2  
  63  8:04  Hellion x2  
  69  8:08  Marine x3  
  69  8:09  Marine x2  
  74  8:15  SCV x2  
  76  8:26  Marine x4  
  80  8:27  SCV  
  80  8:32  SCV  
  82  8:34  Planetary Fortress  
  82  8:38  Marine  
  82  8:39  SCV  
  82  8:40  Hellion x2  
  88  8:44  SCV, Marine x2  
  91  8:51  Barracks Tech Lab  
  91  8:53  Barracks Reactor  
  91  8:56  Marauder  
  91  9:01  Supply Depot, Hellion  
  91  9:02  Marine x2, Hellion  
  80  9:14  SCV  
  80  9:15  SCV x2  
  83  9:17  Marauder  
  83  9:19  Marine  
  83  9:20  Marine  
  87  9:31  Terran Infantry Weapons Level 3  
  83  9:33  Terran Infantry Armor Level 2  
  83  9:34  Marine x2  
  83  9:37  Marine x2  
  86  9:39  Marauder, Missile Turret  
  86  9:43  Missile Turret  
  88  9:48  Missile Turret  
  88  10:00  Marauder x2, Marine x3  
  88  10:05  Marine  
  83  10:17  Marine  
  76  10:21  Marauder  
  76  10:22  Marauder  
  67  10:34  Marine x3  
  67  10:35  SCV, Marine  
  60  10:40  Hellion  
  63  10:43  Marauder x2  
  65  10:51  Marine  
  65  10:52  Marine x2  
  65  10:53  Marine  
  53  11:04  Marauder x2  
  53  11:09  Marine x3  
  53  11:10  Supply Depot  
  60  11:14  Marine  
  61  11:26  Marauder x2  
  61  11:27  Marine x2  
  61  11:29  Marine  
  61  11:32  Marine  
  68  11:36  Medivac  
  68  11:37  Medivac  
  68  11:39  Hellion x2  
  77  11:45  Marine x2  
  79  11:47  Marauder x2  
  83  12:01  Marine x2  
  83  12:03  Marine x2  
  83  12:04  Missile Turret  
  83  12:05  Missile Turret  
  89  12:08  Marauder  
  89  12:09  Marauder  
  91  12:16  Missile Turret  
  91  12:19  Marine x2  
  91  12:21  Marine x2  
  95  12:29  Hellion x2  
  101  12:30  Marauder x2  
  103  12:37  Marine x2  
  103  12:38  Marine  
  103  12:39  Marine  
  103  12:44  SCV x2  
  109  12:45  Barracks  
  109  12:46  Barracks  
  112  12:51  Marauder x2  
  112  12:55  Marine  
  74  12:59  Marine x3  
  77  13:12  Marine  
  77  13:13  Marauder x2  
  77  13:17  Marine x2  
Show
View Real Time Build Order
Export as new Build Order

Worming Zerg - Winner!

Build Orders: Hatch First, Muta Ling Bane 

Get SALT Encoding   

  12  0:01  Drone  
  13  0:12  Overlord  
  13  0:18  Drone  
  14  0:31  Drone x2  
  17  0:35  Drone  
  17  0:54  Unknown, Hatchery  
  17  0:55  Drone  
  17  0:59  Drone  
  18  1:04  Extractor  
  17  1:14  Spawning Pool  
  16  1:20  Overlord  
  16  1:24  Drone  
  17  1:33  Drone  
  18  1:42  Drone  
  19  1:54  Drone  
  20  2:01  Queen  
  20  2:05  Queen, Unknown  
  20  2:06  Zergling x4  
  26  2:08  Metabolic Boost  
  26  2:22  Drone x3  
  29  2:35  Drone x2  
  31  2:39  Queen  
  31  2:40  Overlord  
  32  3:11  Drone x9  
  41  3:18  Overlord  
  41  3:19  Overlord  
  41  3:28  Evolution Chamber, Extractor  
  41  3:29  Evolution Chamber  
  41  3:32  Zergling x6  
  40  3:55  Drone x4  
  44  3:59  Zerg Ground Armor Level 1, Unknown, Zerg Melee Weapons Level 1, Hatchery  
  43  4:05  Drone x4  
  47  4:22  Extractor  
  47  4:23  Lair  
  47  4:24  Drone  
  47  4:25  Extractor  
  47  4:28  Drone  
  47  4:29  Baneling Nest, Drone x3  
  47  4:30  Drone  
  50  4:32  Drone  
  50  4:33  Drone  
  52  4:50  Overlord x2  
  52  4:52  Overlord  
  52  4:54  Drone x6  
  58  5:09  Drone x3  
  58  5:10  Unknown  
  58  5:12  Zergling x2  
  62  5:25  Drone x5  
  62  5:26  Drone x5  
  72  5:32  Overlord  
  72  5:33  Zergling x2  
  72  5:34  Centrifical Hooks  
  73  5:39  Roach Warren  
  72  5:45  Zergling x2  
  72  5:48  Overlord  
  72  5:49  Overlord  
  73  5:52  Drone  
  73  5:53  Spire  
  73  5:56  Extractor  
  73  5:57  Spore Crawler, Extractor  
  71  5:58  Zerg Ground Armor Level 2, Zerg Melee Weapons Level 2  
  71  6:00  Zergling x2  
  71  6:03  Spore Crawler  
  67  6:08  Baneling  
  67  6:09  Baneling x4  
  64  6:12  Zergling x2  
  64  6:13  Zergling x10  
  64  6:49  Unknown, Hatchery  
  64  6:50  Baneling x7  
  64  6:51  Zergling x16  
  71  6:58  Zergling x6  
  73  7:12  Baneling x4  
  73  7:19  Zerg Flyer Weapons Level 1  
  57  7:39  Drone  
  57  7:40  Drone x4  
  57  7:41  Drone  
  57  7:42  Zergling x12  
  69  7:52  Burrow  
  69  7:54  Queen  
  69  7:57  Mutalisk  
  69  7:58  Mutalisk, Unknown, Hatchery  
  74  8:00  Unknown  
  74  8:02  Mutalisk  
  76  8:06  Baneling x5  
  76  8:18  Drone  
  76  8:27  Zergling x2  
  76  8:28  Zergling x14  
  76  8:30  Queen  
  76  8:33  Baneling x2  
  76  8:34  Baneling x3  
  86  8:39  Drone x2  
  89  8:41  Drone x4  
  89  8:42  Queen, Overlord x2  
  89  8:45  Zergling x2  
  95  9:03  Queen  
  95  9:09  Unknown  
  83  9:10  Zergling x6  
  83  9:11  Zergling x20  
  83  9:16  Drone x2  
  98  9:21  Mutalisk  
  98  9:22  Mutalisk  
  102  9:38  Baneling  
  102  9:39  Baneling x7  
  102  9:40  Baneling x5  
  102  9:41  Zergling x14  
  105  10:00  Zergling x20  
  105  10:01  Zergling x10  
  111  10:11  Infestation Pit  
  102  10:16  Zergling x10  
  103  10:26  Mutalisk x3  
  105  10:29  Queen x2  
  106  10:37  Drone x4  
  105  11:01  Mutalisk x5  
  105  11:02  Mutalisk x4  
  122  11:18  Extractor  
  122  11:20  Extractor  
  122  11:21  Spine Crawler  
  122  11:22  Spine Crawler, Overlord x5  
  122  11:23  Overlord  
  118  11:26  Drone x3  
  118  11:32  Queen  
  123  11:35  Zergling x2  
  123  11:36  Zergling x2  
  123  11:38  Overseer  
  127  11:41  Overseer  
  121  11:57  Baneling x9  
  121  12:02  Hive  
  121  12:08  Pneumatized Carapace  
  119  12:11  Hydralisk Den  
  119  12:15  Zergling x34  
  129  12:16  Zergling x8  
  129  12:18  Evolution Chamber  
  138  12:23  Unknown, Hatchery  
  137  12:31  Roach x3  
  137  12:32  Roach x5, Zergling x8  
  137  12:36  Zergling x2  
  158  12:41  Baneling x9  
  158  12:45  Baneling x2  
  158  12:46  Baneling x5  
  151  12:55  Zergling x8  
  151  12:56  Zergling x16  
  114  13:35  Unknown  
Tags
 
Add a new tag
Caveats
  • Supply blocks, unpowered buildings, or Contaminate may cause inaccurate times.
  • Supply counts are checked every 10 seconds.